 Dungeon Crawl Stone Soup version 0.25-a0-424-g80bd347 (webtiles) character file.

Game seed: 3110991155687572871, levelgen mode: deterministic

411 15 the Insei (level 6, 0/38 HPs)
             Began as an Octopode Transmuter on Jan 22, 2020.
             Slain by a bullfrog (4 damage)
             ... in a sewer.
             The game lasted 00:16:43 (4214 turns).

15 the Insei (Octopode Transmuter)                  Turns: 4214, Time: 00:16:44

Health: 0/38       AC:  1    Str: 10 (12) XL:     6   Next: 90%
Magic:  10/10      EV: 14    Int: 14 (15) God:
Gold:   24         SH:  0    Dex:  9 (12) Spells: 0/10 levels left

rFire    . . .     SeeInvis .     - Unarmed
rCold    . . .     Gourm    .   (no shield)
rNeg     . . .     Faith    .   (helmet restricted)
rPois    +         Spirit   .   (no amulet)
rElec    .         Reflect  .   l - ring of stealth
rCorr    .         Harm     .   x - ring of flight
MR       .....                  (no ring)
Stlth    ++++......             (no ring)
HPRegen  0.12/turn              (no ring)
MPRegen  0.12/turn              (no ring)
                                (no ring)
                                (no ring)

@: flying (expiring)
A: almost no armour, stealthy swim, amphibious, 8 rings, constrict 8, camouflage
1, sense surroundings 1, poison resistance, gelatinous body 1
a: no special abilities


You were in a sewer.
You were not hungry.

You visited 1 branch of the dungeon, and saw 4 of its levels.
You also visited: Sewer.

You collected 240 gold pieces.
You spent 216 gold pieces at shops.

Inventory:

Hand Weapons
 d - a +0 club
 e - a +0 whip
 m - a cursed -2 arbalest
Missiles
 a - 97 arrows
 g - 136 stones (quivered)
Jewellery
 l - a ring of stealth (left tentacle)
 x - a ring of flight (right tentacle)
Wands
 o - a wand of random effects (23)
 u - a wand of iceblast (15)
 w - a wand of scattershot (2)
Scrolls
 f - 2 scrolls of amnesia
 i - 3 scrolls of teleportation
 k - a scroll of immolation {unknown}
 n - a scroll of random uselessness {unknown}
 r - 2 scrolls of remove curse
 v - a scroll of fear {unknown}
Potions
 j - 3 potions of curing
 q - a potion of cancellation
 s - a potion of degeneration
Comestibles
 c - 7 rations
 h - 8 chunks of flesh


   Skills:
 + Level 1.6 Fighting
 + Level 0.6 Maces & Flails
 * Level 3.2 Dodging
 * Level 3.8 Stealth
 + Level 4.7 Unarmed Combat
 + Level 2.7 Spellcasting
 + Level 2.7 Transmutations
 * Level 0.5 Ice Magic
 * Level 2.3 Poison Magic


You couldn't memorise any spells.
You knew the following spells:

 Your Spells              Type           Power        Failure   Level  Hunger
a - Beastly Appendage     Tmut           #.....       8%          1    #......
b - Sticks to Snakes      Tmut           #.......     11%         2    ###....
c - Spider Form           Tmut/Pois      #.........   24%         3    ###....
d - Ice Form              Ice/Tmut       #.......     73%         4    #####..

Your spell library contained the following spells:

 Spells                   Type           Power        Failure   Level  Hunger
 Blade Hands              Tmut           #.........   90%         5    ######.


Dungeon Overview and Level Annotations

Branches:
Dungeon (4/15)              Sewer (1/1)
 Temple: D:4-7

Altars:
Elyvilon
Fedhas
Gozag

Shops:
D:4 }


Innate Abilities, Weirdness & Mutations

You cannot wear most types of armour.
You are very stealthy in the water. (Stealth+)
You are amphibious.
You can wear up to eight rings at the same time.
You can use your tentacles to constrict eight enemies at once.
Your skin changes colour to match your surroundings (Stealth+).
Your rubbery body absorbs attacks. (AC +1, EV +1)
You passively map a small area around you.
Your system is resistant to poisons. (rPois)


Message History

The frilled lizard barely misses you. The bullfrog hits you.
The ooze closely misses you. The giant cockroach bites you.
The bullfrog hits you.
* * * LOW HITPOINT WARNING * * *
The bullfrog closely misses you. The bullfrog hits you.
* * * LOW HITPOINT WARNING * * *
The bullfrog hits you!
* * * LOW HITPOINT WARNING * * *
You are starting to lose your buoyancy.
The bullfrog barely misses you.
You feel better. The bullfrog misses you. The bullfrog hits you.
* * * LOW HITPOINT WARNING * * *
It was a potion of mutation.
You feel extremely strange.
You feel a strange attunement to the structure of the dungeons.
You feel resistant to poisons. The bullfrog misses you.
It was a potion of magic.
Magic courses through your body. The bullfrog closely misses you.
The ooze misses you. The bullfrog hits you.
You die...

#.≈≈≈#≈≈≈≈#≈≈≈.$.).≈.≈≈≈#.≈.≈#÷≈≈
#∩.÷÷#≈≈≈≈#....?$.≈≈≈≈≈≈#≈≈.≈#÷.≈
#.≈≈≈#≈.≈≈#.≈≈≈?≈≈≈≈≈.≈≈#≈.≈≈#.≈≈
##≈≈.##≈≈≈#≈≈..≈≈≈.≈≈≈≈##≈≈.##≈≈≈
#≈≈≈≈#≈.≈#.≈.s≈†≈≈≈≈≈##≈≈≈≈#≈≈≈≈
##≈≈≈##≈.##≈≈#l≈≈≈≈###≈≈≈≈##≈≈≈#
#≈≈.≈##≈≈#..#######≈≈≈.≈##.≈≈≈#
##≈≈≈≈#≈≈##..J...≈≈≈.≈###≈≈≈≈##
##.≈≈≈≈≈≈#.sF@≈≈≈≈####.÷≈≈≈##
####≈≈≈#######.∩≈#≈≈≈≈≈÷≈##
##≈≈#≈≈≈÷≈#####≈≈≈÷#####
####≈..÷≈≈.≈≈≈≈####≈≈∩#
#..≈#########≈...≈##
#.≈≈.≈≈≈.≈÷...∩.###
#≈≈≈≈.≈≈≈≈..##### #############


You could see a bullfrog, an ooze and a giant cockroach.

Vanquished Creatures
  2 orc wizards (D:4)
  2 worker ants (D:4)
  A hound skeleton (D:4)
  5 adders
  3 river rats (D:4)
  6 oozes (Sewer)
  An adder skeleton (D:2)
  7 worms
  4 dart slugs
  14 leopard geckos
  8 orcs (D:4)
  10 giant cockroaches
  9 goblins
  12 hobgoblins
  10 jackals
  A quokka (D:3)
  10 ball pythons
  9 bats
  16 frilled lizards
  12 kobolds
  A quokka skeleton (D:4)
  10 rats
153 creatures vanquished.

Notes
Turn   | Place    | Note
-------+----------+-------------------------------------------
     0 | D:1      | 15 the Octopode Transmuter began the quest for the Orb.
     0 | D:1      | Reached XP level 1. HP: 13/13 MP: 3/3
   278 | D:1      | Reached XP level 2. HP: 4/18 MP: 3/5
   285 | D:1      | Learned a level 2 spell: Sticks to Snakes
   765 | D:1      | Reached XP level 3. HP: 19/23 MP: 6/6
  1133 | D:2      | Reached skill level 1 in Stealth
  1257 | D:2      | Learned a level 3 spell: Spider Form
  1323 | D:2      | Reached XP level 4. HP: 22/28 MP: 7/7
  2417 | D:3      | Reached XP level 5. HP: 22/33 MP: 6/8
  2581 | D:3      | Reached skill level 1 in Poison Magic
  2900 | D:4      | Found an opulent altar of Gozag.
  2904 | D:4      | Found a blossoming altar of Fedhas.
  2914 | D:4      | Found a white marble altar of Elyvilon.
  2967 | D:4      | Reached skill level 4 in Unarmed Combat
  3036 | D:4      | Reached XP level 6. HP: 4/38 MP: 9/9
  3213 | D:4      | Found Dur Kelyr's Gadget Boutique.
  3252 | D:4      | Bought a wand of scattershot (2) for 216 gold pieces
  3469 | D:4      | Found a glowing drain.
  3494 | Sewer    | Entered a sewer
  3710 | Sewer    | Learned a level 4 spell: Ice Form
  4213 | Sewer    | Gained mutation: You passively map a small area around you.
                  | [potion of mutation]
  4213 | Sewer    | Gained mutation: Your system is resistant to poisons.
                  | (rPois) [potion of mutation]
  4214 | Sewer    | Slain by a bullfrog

Levels and vault maps discovered:
D:1:      saegor_arrival_simple_e, layout_rooms, serial_bayou_pond_d
D:2:      wad_river_or_something, layout_basic, skrybe_limestone_x,
          corexii_hall_statues_l
D:3:      layout_basic, first_ration
D:4:      layout_loops_cross, minmay_overflow_temple_star_quad,
          gup_sewer_entry_bubbles, serial_shops, nicolae_shop_stone,
          saegor_snake_ambush
Sewer:    sewer_frog_island_02

Skill      XL: |  1  2  3  4  5  6 |
---------------+-------------------+-----
Stealth        | 1 2 3 |  3.8
Poison Magic   | 1 2 |  2.3
Unarmed Combat | 4 |  4.7
Dodging        | 3 |  3.2
Fighting       | |  1.6
Maces & Flails | |  0.6
Spellcasting   | |  2.7
Transmutations | |  2.7
Ice Magic      | |  0.5

Action                   |  1- 3 |  4- 6 || total
-------------------------+-------+-------++-------
Melee: Whip              |    18 |       ||    18
       Unarmed           |    82 |   250 ||   332
       Constrict         |    26 |    43 ||    69
       Tentacles         |    12 |    28 ||    40
       Kick              |    13 |    11 ||    24
       Punch             |     2 |     2 ||     4
 Cast: Beastly Appendage |    12 |     8 ||    20
       Spider Form       |     1 |     7 ||     8
  Use: Scroll            |     2 |     5 ||     7
       Potion            |       |    10 ||    10
 Stab: Sleeping          |     3 |    21 ||    24
  Eat: Chunk             |     2 |    10 ||    12
Armor: Skin              |    18 |    16 ||    34
Dodge: Dodged            |    81 |   183 ||   264

Table legend:
 A = Non-vault XP
 B = Vault XP
 C = Vault XP percentage of total XP
 D = Non-vault monster count
 E = Vault monster count
 F = Vault count percentage of total count
                 A         B        C        D         E       F
            +---------+---------+-------+---------+---------+-------
      Total |     369 |     219 |  37.2 |      92 |      61 |  39.9
            +---------+---------+-------+---------+---------+-------
        D:1 |      44 |       0 |   0.0 |      25 |       0 |   0.0
        D:2 |      59 |      19 |  24.4 |      24 |       8 |  25.0
        D:3 |      67 |       0 |   0.0 |      26 |       0 |   0.0
        D:4 |     199 |      56 |  22.0 |      17 |       6 |  26.1
      Sewer |       0 |     144 | 100.0 |       0 |      47 | 100.0
            +---------+---------+-------+---------+---------+-------
